 Dungeon Crawl Stone Soup version 0.24.0-41-g2ae2f7f1be (webtiles) character file.

Game seed: 13950510343038224281, levelgen mode: deterministic

257 Goreval the Grave Robber (level 5, 0/39 HPs)
             Began as a Mummy Necromancer on Dec 14, 2019.
             Was an Initiate of Gozag.
             Slain by an ogre
             ... wielding a +0 giant club
              (26 damage)
             ... on level 2 of the Dungeon.
             The game lasted 00:11:37 (4665 turns).

Goreval the Grave Robber (Mummy Necromancer)        Turns: 4665, Time: 00:11:38

Health: 0/39       AC:  2    Str: 11    XL:     5   Next: 93%
Magic:  11/11      EV: 12    Int: 15    God:    Gozag
Gold:   155        SH:  0    Dex: 13    Spells: 7/12 levels left

rFire    x . .     SeeInvis .   f - +2 dagger (speed)
rCold    + . .     Gourm    .   (no shield)
rNeg     + + +     Faith    .   a - +0 robe
rPois    ∞         Spirit   .   (no helmet)
rElec    .         Reflect  .   (no cloak)
rCorr    .         Harm     .   (no gloves)
MR       .....                  (no boots)
Stlth    ++........             (no amulet)
HPRegen  0.13/turn              g - ring of wizardry
MPRegen  0.12/turn              i - +1 ring of slaying

@: no status effects
A: no food or potions, fire vulnerability, cold resistance 1, negative energy
resistance 3, torment resistance, unbreathing
a: Potion Petition, Call Merchant, Bribe Branch, Renounce Religion


You were on level 2 of the Dungeon.
You worshipped Gozag.
Gozag was aware of your devotion.
You were not hungry.

You visited 1 branch of the dungeon, and saw 4 of its levels.

You collected 175 gold pieces.
You paid 20 gold pieces to Gozag.

Inventory:

Hand Weapons
 f - a +2 dagger of speed (weapon)
Armour
 a - a +0 robe (worn)
Jewellery
 g - a ring of wizardry (left hand)
 i - a +1 ring of slaying (right hand)
 j - an uncursed ring of fire
Scrolls
 b - a scroll of fear {unknown}
 c - 2 scrolls of enchant armour {unknown}
 d - 2 scrolls of remove curse {unknown}
 e - 2 scrolls of teleportation {unknown}
 h - 3 scrolls of identify {unknown}


   Skills:
 + Level 2.6 Fighting
 - Level 1.5 Dodging
 - Level 1.5 Stealth
 + Level 4.3 Spellcasting
 * Level 5.9 Necromancy


You had 7 spell levels left.
You knew the following spells:

 Your Spells              Type           Power        Failure   Level  Hunger
a - Pain                  Necr           ###.         1%          1    N/A
b - Vampiric Draining     Necr           ###.......   1%          3    N/A
u - Animate Skeleton      Necr           N/A          1%          1    N/A

Your spell library contained the following spells:

 Spells                   Type           Power        Failure   Level  Hunger
 Animate Dead             Necr           N/A          6%          4    N/A
 Regeneration             Chrm/Necr      Unusable     N/A         3    N/A

Dungeon Overview and Level Annotations

Branches:
Dungeon (4/15)
 Temple: D:4-7

Altars:
Cheibriados
Dithmenos
Elyvilon
Gozag
Nemelex Xobeh
Xom

Shops:
D:4 :

Annotations:
D:4 Blork the orc


Innate Abilities, Weirdness & Mutations

You do not eat or drink.
Your flesh is vulnerable to fire.
You are immune to poison.
Your flesh is cold resistant. (rC+)
You are immune to negative energy. (rN+++)
You are immune to unholy pain and torment.
You can survive without breathing.


Message History

The ogre barely misses you. The ogre hits you with a +0 giant club!
* * * LOW HITPOINT WARNING * * *
There is a stone staircase leading up here.
You climb upwards.
There is a stone staircase leading down here.
You start resting.
You climb downwards.
The ogre hits you with a +0 giant club!!
Ouch! That really hurt!
There is a stone staircase leading up here.
Unknown command.
The ogre barely misses you.
There is a stone staircase leading up here.
You climb upwards.
There is a stone staircase leading down here.
The ogre hits you with a +0 giant club!!
Ouch! That really hurt!
You die...
Your body crumbles into a pile of gold.

§§§○§##...................######.
§○○☼.###..........###..###.......
☼§§○§# #..........#...###..######
########..........#.###...#######
#### ##....................!.....
.#####..................#........
..)(#...............##.##........
.<#(...........O.......##........
#.....#.........@................
###...#................##........
###.#......##....................
...........##....................
............#......)........#####
....)............................
.................................
.........................).......
................_...!.........###


You could see an ogre.

Vanquished Creatures
  A howler monkey (D:4)
  A hound (D:4)
  3 worker ants
  2 adders (D:3)
  An ooze (D:1)
  2 worms
  A dart slug (D:1)
  5 leopard geckos
  An orc (D:3)
  9 bats
  5 giant cockroaches
  10 goblins
  12 hobgoblins
  3 jackals (D:2)
  4 quokkas
  A ball python (D:3)
  3 frilled lizards
  8 kobolds
  7 rats
79 creatures vanquished.

Vanquished Creatures (collateral kills)
  A leopard gecko (D:1)
  A hobgoblin (D:1)
2 creatures vanquished.

Grand Total: 81 creatures vanquished

Notes
Turn   | Place    | Note
-------+----------+-------------------------------------------
     0 | D:1      | Goreval the Mummy Necromancer began the quest for the Orb.
     0 | D:1      | Reached XP level 1. HP: 13/13 MP: 4/4
    45 | D:1      | Learned a level 1 spell: Animate Skeleton
   384 | D:1      | Reached XP level 2. HP: 14/20 MP: 1/5
   767 | D:1      | Reached skill level 1 in Fighting
  1050 | D:1      | Reached XP level 3. HP: 26/26 MP: 5/7
  1656 | D:2      | Found a shimmering altar of Xom.
  1684 | D:2      | Found a white marble altar of Elyvilon.
  1842 | D:2      | Found a snail-covered altar of Cheibriados.
  1965 | D:2      | Reached XP level 4. HP: 32/32 MP: 3/9
  2085 | D:2      | Found a sparkling altar of Nemelex Xobeh.
  2299 | D:3      | Reached skill level 5 in Necromancy
  2542 | D:3      | Learned a level 3 spell: Vampiric Draining
  3018 | D:3      | Found a shadowy altar of Dithmenos.
  3056 | D:3      | Found an opulent altar of Gozag.
  3083 | D:3      | Became a worshipper of Gozag Ym Sagoz the Greedy
  3531 | D:4      | Reached XP level 5. HP: 28/38 MP: 4/10
  3627 | D:4      | Noticed Blork the orc
  4139 | D:4      | Found Fioll's Book Boutique.
  4196 | D:4      | Noticed an ogre
  4665 | D:2      | Slain by an ogre

Levels and vault maps discovered:
D:1:      mrwooster_arrival_statue_3, layout_loops_ring
D:2:      layout_rooms, nemelex_altar_shiori, cheibriados_altar_1,
          overflow_temple_1_default, xom_teletrap_fun
D:3:      layout_basic, grunt_dithmenos_smoke,
          nicolae_gozag_cash_rules_everything_around_me
D:4:      layout_cave_pools, yredelemnul_forgotten_temple_becter,
          gup_sewer_entry_bubbles, serial_shops, nicolae_shop_statue_plus,
          uniq_blork_the_orc

Skill      XL: |  1  2  3  4  5 |
---------------+----------------+-----
Spellcasting   | 3 4 |  4.3
Fighting       | 1 2 |  2.6
Necromancy     | 5 |  5.9
Dodging        | |  1.5
Stealth        | |  1.5

Action                   |  1- 3 |  4- 6 || total
-------------------------+-------+-------++-------
Melee: Dagger            |    21 |    24 ||    45
 Cast: Pain              |    92 |    88 ||   180
       Animate Skeleton  |    13 |     7 ||    20
Armor: Robe              |     6 |     7 ||    13
Dodge: Dodged            |    32 |    41 ||    73
